 Dungeon Crawl Stone Soup version 0.26-a0-394-g0b5ff556b1 (webtiles) character file.

Game seed: 6529827947946525004

55 Misa the Covered (level 3, -6/24 HPs)
             Began as a Gargoyle Fighter on July 23, 2020.
             Mangled by Sigmund
             ... wielding a +0 scythe
              (10 damage)
             ... on level 2 of the Dungeon.
             The game lasted 00:03:01 (1907 turns).

Misa the Covered (Gargoyle Fighter)                 Turns: 1907, Time: 00:03:02

Health: -6/24      AC: 10    Str: 20    XL:     3   Next: 93%
Magic:  3/3        EV:  7    Int:  8    God:
Gold:   85         SH:  0    Dex:  9    Spells: 2/2 levels left

rFire    . . .     SeeInvis .   a - +0 flail
rCold    . . .     Faith    .   c - +0 kite shield
rNeg     + . .     Spirit   .   b - +0 scale mail
rPois    ∞         Reflect  .   (no helmet)
rElec    +         Harm     .   (no cloak)
rCorr    .                      (no gloves)
MR       .....                  (no boots)
Stlth    ..........             (no amulet)
HPRegen  0.08/turn              (no ring)
MPRegen  0.08/turn              (no ring)

@: confused
A: negative energy resistance 1, electricity resistance, unbreathing,
petrification resistance, rot immunity, AC +3
a: no special abilities


You were on level 2 of the Dungeon.
You visited 1 branch of the dungeon, and saw 3 of its levels.

You collected 85 gold pieces.

Inventory:

Hand Weapons
 a - a +0 flail (weapon)
Missiles
 f - 4 javelins (quivered)
Armour
 b - a +0 scale mail (worn)
 c - a +0 kite shield (worn)
Scrolls
 e - a scroll of noise {unknown}
 g - 2 scrolls of teleportation {unknown}
 h - 3 scrolls of remove curse {unknown}
 i - a scroll of identify {unknown}
Potions
 d - a potion of might


   Skills:
 + Level 3.8 Fighting
 + Level 2.6 Maces & Flails
 + Level 3.9 Armour
 + Level 3.8 Shields


You had 2 spell levels left.
You didn't know any spells.
Your spell library was empty.

Dungeon Overview and Level Annotations

Branches:
Dungeon (3/15)

Altars:
Nemelex Xobeh
Xom

Annotations:
D:2 Sigmund


Innate Abilities, Weirdness & Mutations

You are resistant to torment.
Your stone body is resilient. (AC +3)
You are immune to poison.
You resist negative energy. (rN+)
You are resistant to electric shocks. (rElec)
You can survive without breathing.
You are immune to petrification.
You are immune to rotting.


Message History

The jackal barely misses you.
You hit Sigmund but do no damage.
Sigmund is heavily wounded.
Sigmund hits you with a +0 scythe.
The quokka bites you but does no damage.
The jackal bites you but does no damage.
You block the quokka's attack.
You hit Sigmund but do no damage.
Sigmund is heavily wounded.
You block the jackal's attack. Sigmund gestures at you while chanting.
You are confused.
The jackal bites you but does no damage.
The quokka closely misses you. Sigmund hits you with a +0 scythe.
* * * LOW HITPOINT WARNING * * *
You bump into the rock wall.
The jackal closely misses you.
The quokka bites you but does no damage.
The jackal barely misses you.
Sigmund hits you from afar with a +0 scythe!
You die...

.. .## ... ... #.. #
... ...### #.. .###
.........###.##...(
#.#.. ............. #
#....###..##h....
##..............@g#
............###rh#
#####. #........@##
####...#...# ###
##$[##..####...
##..........#
##...........# #.
##.....).....# #.
#.._.##...##.# #####.
#....##.....>#
#.....####..###..)...)#


You could see Sigmund, a quokka, 2 jackals and a hobgoblin.

Vanquished Creatures
  2 worms (D:2)
  2 dart slugs
  A leopard gecko (D:3)
  6 bats
  3 giant cockroaches
  5 hobgoblins
  A jackal (D:1)
  A quokka (D:2)
  4 frilled lizards (D:1)
  4 goblins
  10 kobolds
  6 rats
45 creatures vanquished.

Notes
Turn   | Place    | Note
-------+----------+-------------------------------------------
     0 | D:1      | Misa the Gargoyle Fighter began the quest for the Orb.
     0 | D:1      | Reached XP level 1. HP: 14/14 MP: 1/1
    66 | D:1      | Reached XP level 2. HP: 18/19 MP: 2/2
   775 | D:1      | Reached XP level 3. HP: 20/23 MP: 3/3
  1278 | D:2      | Found a sparkling altar of Nemelex Xobeh.
  1326 | D:2      | Found a shimmering altar of Xom.
  1342 | D:2      | Noticed Sigmund
  1907 | D:2      | Mangled by Sigmund

Illustrated notes

Levels and vault maps discovered:
D:1:      evilmike_arrival_hilbert_curve, layout_basic, serial_bayou_pond_a,
          minmay_nonomino_d4
D:2:      layout_rooms, nemelex_xobeh_ov_fountains_minmay,
          brannock_xom_greatest_gift, kennysheep_generic_room_3, uniq_sigmund,
          uniq_natasha
D:3:      gammafunk_wand_slinger, layout_basic, hangedman_ru_absence

Action                   || total
-------------------------++-------
Melee: Flail             ||   214
Armor: Scale mail        ||   154
Dodge: Dodged            ||    76
Block: Kite shield       ||   149

Table legend: (Time is in decaauts)
 A = Elapsed time spent in this place.
 B = Non-inter-level travel time spent in this place.
 C = Inter-level travel time spent in this place.
 D = Time resting spent in this place.
 E = Time spent auto-exploring this place.
 F = Levels seen in this place.
 G = Mean time per level.
                   A        B        C        D        E       F      G
               +--------+--------+--------+--------+--------+-----+--------+
         Total |   1984 |   1952 |     32 |    616 |    807 |   3 |  661.3 |
       Dungeon |   1984 |   1952 |     32 |    616 |    807 |   3 |  661.3 |
               +--------+--------+--------+--------+--------+-----+--------+

Top non-repeatable levels by time:
     D:1: 1318 daAuts
     D:2: 345 daAuts
     D:3: 321 daAuts
